 Dungeon Crawl Stone Soup version 0.27.1-1-g398f81649c (webtiles) character file.

Game seed: 7225096719815918679

15 H0rd4k the Insei (level 2, 0/18 HPs)
             Began as an Octopode Transmuter on Sept 13, 2021.
             Slain by a goblin (5 damage)
             ... on level 1 of the Dungeon.
             The game lasted 00:00:29 (678 turns).

H0rd4k the Insei (Octopode Transmuter)               Turns: 678, Time: 00:00:29

Health: 0/18       AC:  1    Str:  9    XL:     2   Next: 50%
Magic:  5/5        EV: 13    Int: 15    God:
Gold:   66         SH:  0    Dex: 12    Spells: 4/5 levels left

rFire    . . .     SeeInvis .     - Unarmed
rCold    . . .     Faith    +   (no shield)
rNeg     . . .     Spirit   .   (helmet restricted)
rPois    .         Reflect  .   a - amulet of faith
rElec    .         Harm     .   (no ring)
rCorr    .         Rampage  .   (no ring)
Will     .....                  (no ring)
Stlth    ++........             (no ring)
HPRegen  0.06/turn              (no ring)
MPRegen  0.09/turn              (no ring)
                                (no ring)
                                (no ring)

@: no status effects
A: almost no armour, amphibious, 8 rings, camouflage 1, gelatinous body 1,
(nimble swimmer 1), tentacles
a: no special abilities


You were on level 1 of the Dungeon.
You visited 1 branch of the dungeon, and saw 1 of its levels.

You collected 66 gold pieces.

Inventory:

Jewellery
 a - an amulet of faith (around mantle)
Scrolls
 b - a scroll of blinking {unknown}
 e - a scroll of noise {unknown}
 f - a scroll of teleportation {unknown}
Potions
 c - a potion of berserk rage {unknown}
 d - a potion of heal wounds {unknown}


   Skills:
 + Level 1.0 Fighting
 + Level 2.2 Dodging
 + Level 3.3 Unarmed Combat
 * Level 2.2 Spellcasting
 * Level 2.0 Transmutations


You had 4 spell levels left.
You knew the following spells:

 Your Spells              Type           Power      Damage    Failure   Level
a - Beastly Appendage     Tmut           14%        N/A       10%         1

Your spell library contained the following spells:

 Spells                   Type           Power      Damage    Failure   Level
 Wereblood                Tmut           7%         N/A       14%         2
 Spider Form              Tmut/Pois      2%         N/A       38%         3
 Ice Form                 Ice/Tmut       4%         N/A       80%         4


Dungeon Overview and Level Annotations

Branches:
Dungeon (1/15)

Altars:

Shops:
D:1 ?


Innate Abilities, Weirdness & Mutations

You cannot wear most types of armour.
You are amphibious.
You can wear up to eight rings at the same time.
Your skin changes colour to match your surroundings (Stealth+).
Your rubbery body absorbs attacks. (AC +1, EV +1)
((You are camouflaged near water. (Stealth+)))
You have tentacles for arms and can constrict up to eight enemies at once.


Message History

There are monsters nearby!
There are monsters nearby!
The hobgoblin hits you. The goblin hits you with a +0 club.
You closely miss the hobgoblin. Your grab misses the hobgoblin.
The hobgoblin misses you. The goblin closely misses you.
You tentacle-slap the hobgoblin.
You kill the hobgoblin!
A giant cockroach comes into view.
A goblin comes into view. It is wielding a +0 club.
The goblin hits you with a +0 club.
You are too injured to fight recklessly!
An endoplasm, a kobold and a dart slug come into view.
The kobold shouts!
The endoplasm quivers.
The goblin hits you with a +0 club.
* * * LOW HITPOINT WARNING * * *
You see here a hobgoblin corpse.
You are too injured to fight recklessly!
You are too injured to fight recklessly!
You are too injured to fight recklessly!
You miss the goblin. Your grab misses the goblin.
Your squeeze misses the goblin. The goblin closely misses you.
The goblin barely misses you.
You miss the kobold. You grab the kobold. You constrict the kobold.
The kobold closely misses you.
You tentacle-slap the kobold.
You kill the kobold!
You tentacle-slap the goblin.
You kill the goblin!
The endoplasm hits you.
* * * LOW HITPOINT WARNING * * *
Things that are here:
a +0 club; a +0 dagger; a kobold corpse You tentacle-slap the endoplasm.
The endoplasm is heavily wounded.
You tentacle-slap the endoplasm.
You kill the endoplasm!
You closely miss the goblin. You grab the goblin. You constrict the goblin.
The goblin hits you with a +0 club.
You die...

#....###
############'###
#.........##.#####
#.#######.##......
....... #.#
###.######## .......
#.# #....#......
...B..w #.#
#.#....##### .....
#.# #.#..### ....
#@# #.#.#.. #..
#g#####.#.#.##
#B.####Bw.)...#.#..
#..†J....###..#.##.#
#..#...........#..
.. #. #.##.#####.##
# #.##... ...
..######.... ####
....#


You could see a dart slug, a giant cockroach and a goblin.

Vanquished Creatures
  A ball python (D:1)
  2 endoplasms (D:1)
  A hobgoblin (D:1)
  3 kobolds (D:1)
  2 frilled lizards (D:1)
  3 goblins (D:1)
  2 rats (D:1)
14 creatures vanquished.

Notes
Turn   | Place    | Note
-------+----------+-------------------------------------------
     0 | D:1      | H0rd4k the Octopode Transmuter began the quest for the Orb.
     0 | D:1      | Reached XP level 1. HP: 13/13 MP: 3/3
   280 | D:1      | Found Hilaed's Magic Scroll Shoppe.
   289 | D:1      | Reached XP level 2. HP: 13/18 MP: 5/5
   678 | D:1      | Slain by a goblin

Illustrated notes

Levels and vault maps discovered:
D:1:      saegor_arrival_miasma, layout_basic, serial_shops,
          nicolae_shop_waterfront

Action                   || total
-------------------------++-------
Melee: Unarmed           ||    33
       Constrict         ||     7
       Tentacles         ||     5
       Punch             ||     1
 Stab: Sleeping          ||     1
Armor: Skin              ||     1
Dodge: Dodged            ||    14
